 Dungeon Crawl Stone Soup version 0.31-a0-851-g7ff8af7976 (webtiles) character file.

Game seed: 4570347532651285132

65123 avis the Spry (level 14, 0/75 HPs)
             Began as a Felid Fighter on Oct 8, 2023.
             Was a High Priest of the Shining One.
             Constricted to death by Jorgrun (11 damage)
             ... on level 1 of the Orcish Mines.
             The game lasted 02:26:37 (20693 turns).

avis the Spry (Felid Fighter)                      Turns: 20693, Time: 02:26:38

Health: 0/75       AC:  7    Str: 15    XL:     14   Next: 74%
Magic:  18/18      EV: 32    Int: 10    God:    the Shining One [*****.]
Gold:   1479       SH:  0    Dex: 20    Spells: 11/17 levels left
                                        Lives:  0   Deaths: 4

rFire   + +          .
                       - Unarmed
rCold   + + .        (shield unavailable)
rNeg    + + .        (body armour unavailable)
rPois   .            (helmet unavailable)
rElec   +            (cloak unavailable)
rCorr   .            (gloves unavailable)
SInv    +            (boots unavailable)
Will    ++...        x - amulet of regeneration
Stlth   ++           p - +4 ring of protection
HPRegen 1.12/turn    M - ring of Awe {rElec rF++ rC+ Str+3}
MPRegen 0.16/turn

%: no passive effects
@: maw-form, grasped by roots, glowing, constricted, studying Fighting, quick
A: devouring maw, very small, claws 1, fangs 3, see invisible, speed 1, shaggy
fur 3, stealthy paws, no weapons or thrown items, no armour, multi-lived
a: Begin Untransformation, Renounce Religion, Divine Shield, Cleansing Flame,
Summon Divine Warrior


You were on level 1 of the Orcish Mines.
You worshipped the Shining One.
The Shining One was extremely pleased with you.
You were a creature with a mouth for a stomach.
You visited 4 branches of the dungeon, and saw 18 of its levels.
You also visited: Bailey and Gauntlet.

You collected 1767 gold pieces.
You spent 288 gold pieces at shops.

Inventory:

Jewellery
 d - the ring of Nobility {Fly rC++}
   (You acquired it in a Gauntlet)

   [ring of flight]

   rC++:      It greatly protects you from cold.
   Fly:       It grants you flight.
 p - a +4 ring of protection (left paw)
 r - a +6 ring of dexterity
 x - an amulet of regeneration (around neck)
 M - the ring of Awe (right paw) {rElec rF++ rC+ Str+3}
   (You acquired it on level 3 of the Lair of Beasts)

   [ring of protection from cold]

   Str+3:     It affects your strength (+3).
   rF++:      It greatly protects you from fire.
   rC+:       It protects you from cold.
   rElec:     It insulates you from electricity.
Talismans
 m - a maw talisman (active)
 s - a serpent talisman
Wands
 c - a wand of mindburst (6)
 j - a wand of charming (18)
 n - a wand of flame (46)
 o - a wand of iceblast (17)
 v - a wand of digging (7)
Scrolls
 a - 4 scrolls of amnesia
 b - 5 scrolls of teleportation {unknown}
 i - 5 scrolls of blinking {unknown}
 k - a scroll of fear
 u - a scroll of fog {unknown}
 E - a scroll of enchant weapon {unknown}
Potions
 e - 6 potions of brilliance
 q - a potion of ambrosia
 t - 2 potions of curing
 w - 2 potions of magic {unknown}
 A - a potion of cancellation
 C - a potion of resistance {unknown}
 D - a potion of berserk rage
Miscellaneous
 z - a sack of spiders
 K - a condenser vane


   Skills:
 - Level 16.0 Fighting
 - Level 20.0 Dodging
 - Level 5.0 Stealth
 - Level 4.0 Unarmed Combat
 - Level 2.0 Spellcasting
 - Level 4.0 Translocations
 - Level 5.0 Invocations
 * Level 16.3 Shapeshifting


You had 11 spell levels left.
You knew the following spells:

 Your Spells              Type           Power      Damage    Failure   Level
b - Blink                 Tloc           18%        N/A       9%          2
m - Manifold Assault      Tloc           9%         N/A       52%         4

Your spell library contained the following spells:

 Spells                   Type           Power      Damage    Failure   Level
 Shock                    Conj/Air       4%         1d3       30%         1
 Static Discharge         Conj/Air       2%         2-3/arc   43%         2
 Swiftness                Air            1%         N/A       67%         3
 Airstrike                Air            0%         2d(1-17)  97%         4
 Leda's Liquefaction      Hex/Erth       0%         N/A       97%         4
 Summon Lightning Spire   Summ/Air       1%         N/A       97%         4
 Iskenderun's Battlesphe  Conj           1%         2d6       100%        5
 Lee's Rapid Deconstruct  Erth           0%         3d4*      100%        5
 Bombard                  Conj/Erth      0%         9d1       100%        6
 Spellforged Servitor     Conj/Summ      0%         N/A       100%        7
 Animate Armour           Summ/Erth      Unusable   N/A       N/A         4

Dungeon Overview and Level Annotations

Branches:
Dungeon (10/15)            Temple (1/1) D:4            Lair (5/5) D:10
  Swamp (0/4) Lair:3        Snake (0/4) Lair:2        Slime (0/5) Lair:5
    Orc (2/2) D:9             Elf (0/3) Orc:2        Bailey (visited)
Gauntlet (visited)

Altars:
Ashenzari
Cheibriados
Dithmenos
Elyvilon
Fedhas
Gozag
Hepliaklqana
Kikubaaqudgha
Makhleb
Nemelex Xobeh
Okawaru
Qazlal
Ru
Sif Muna
Trog
Uskayaw
Vehumet
Wu Jian
Xom
Yredelemnul
Zin
The Shining One

Shops:
D:8 ?*:   Orc:1 !*

Annotations:
Orc:1 3 runed translucent doors, Jorgrun; snackwell's ghost, journeyman FoHu


Innate Abilities, Weirdness & Mutations

You are a creature with a mouth for a stomach.
Your midsection houses a second, enormous mouth.
You have sharp claws.
You have razor-sharp teeth.
You have supernaturally acute eyesight. (SInv)
You cover ground quickly. (Speed+)
Your thick and shaggy fur keeps you warm. (AC +3, rC+)
Your paws help you pounce on unaware monsters.
You are incapable of wielding weapons or throwing items.
You cannot wear armour.
You gain extra lives every three experience levels.


Message History

You claw Jorgrun! Your claw misses Jorgrun. Your bite misses Jorgrun.
Jorgrun is moderately wounded.
You claw Jorgrun! Your bite misses Jorgrun.
Jorgrun is moderately wounded.
Jorgrun hits you with a +0 heavy quarterstaff!
You scratch Jorgrun.
Jorgrun is moderately wounded.
Jorgrun says, "'tis place shall be yer tomb!"
Jorgrun hits you with a +0 heavy quarterstaff!
You scratch Jorgrun. You bite Jorgrun.
Jorgrun is moderately wounded.
You claw Jorgrun! Your bite misses Jorgrun. You bite Jorgrun!
Jorgrun is heavily wounded.
Jorgrun completely misses you.
You claw Jorgrun! You claw Jorgrun.
Jorgrun is severely wounded.
You scratch Jorgrun. Your claw misses Jorgrun. You bite Jorgrun. x2
Jorgrun is severely wounded.
Jorgrun points at you and mumbles some strange words.
Roots burst forth from the earth!
The grasping roots grab you! The grasping roots constrict you!!
You scratch Jorgrun. You bite Jorgrun.
Jorgrun is severely wounded.
Jorgrun barely misses you. The grasping roots constrict you!
You claw Jorgrun! Your bite misses Jorgrun.
Jorgrun is almost dead.
Jorgrun points at you and mumbles some strange words.
The iron shot misses you. The grasping roots constrict you!
You scratch Jorgrun. Your bite misses Jorgrun.
Jorgrun is almost dead.
Jorgrun gestures at you while chanting. The iron shot misses you.
The grasping roots constrict you!
* * * LOW HITPOINT WARNING * * *
You barely miss Jorgrun. You bite Jorgrun!
Jorgrun is almost dead.
Jorgrun hits you with a +0 heavy quarterstaff!
* * * LOW HITPOINT WARNING * * *
The grasping roots constrict you!
You die...

### #####.##
####.##...######.# ###
##.....##..Wg....# ##.####
##.....##........####.#...##.
#......#....#######.#.##.##^.
##.##.#.....## #....##.##..
####.#......# ##...#.......
##..........####............
#............#.##........#..
##..[[.....#........#........
##..<>)(.......∩...####.......


You could see Jorgrun.

Vanquished Creatures
  An orc warlord (Orc:2)
  The ghost of retardedninja the Destroyer, a journeyman GrFE of Vehumet (Lair:5)
  An eleionoma (Lair:3)
  Harold (Lair:1)
  Fannar (Lair:2)
  An entropy weaver (Gauntlet)
  An ice dragon (Lair:4)
  A catoblepas (Lair:2)
  A hydra (Lair:5)
  A two-headed ogre (D:10)
  A hell hog (Gauntlet)
  9 death yaks
  Nergalle (Orc:1)
  A fire crab (Lair:5)
  A lindwurm (Lair:4)
  2 orc knights
  A cyclops (Orc:1)
  2 orc sorcerers
  11 elephants
  8 black mambas
  25 cane toads
  Maggie (D:10)
  Jeremiah (Lair:1)
  Psyche (D:8)
  5 komodo dragons
  3 rime drakes
  8 polar bears
  5 trolls
  A queen bee (Lair:2)
  16 blink frogs
  4 hornets (Lair:5)
  7 dream sheep
  11 spriggans (Lair:5)
  3 fire bats (Gauntlet)
  5 wyverns
  2 wraiths (D:9)
  41 yaks
  7 basilisks
  3 steam dragons (D:8)
  A warg (Orc:1)
  A redback (Gauntlet)
  26 water moccasins
  A hell hound (Gauntlet)
  26 orc warriors
  An ice beast (D:5)
  2 sky beasts
  3 black bears
  5 boggarts (Lair:5)
  2 centaurs
  36 wolves
  3 ogres
  A phantom (D:5)
  11 bullfrogs
  3 scorpions
  3 wights (D:9)
  34 killer bees
  5 jellies
  4 hounds
  3 gnoll boudas
  11 orc priests
  6 iguanas
  2 sleepcaps
  Ijyb (D:2)
  20 orc wizards
  4 hell rats (Lair:4)
  19 gnolls
  9 adders
  A river rat (Lair:2)
  3 white imps
  3 dart slugs
  81 orcs
  4 bats
  10 endoplasms
  2 giant cockroaches
  4 hobgoblins
  12 jackals
  5 kobolds
  2 quokkas (D:1)
  4 ball pythons
  2 frilled lizards
  6 goblins
  5 rats
583 creatures vanquished.

Vanquished Creatures (collateral kills)
  A minotaur (Gauntlet)
1 creature vanquished.

Vanquished Creatures (others)
  A wolf (Lair:2)
1 creature vanquished.

Grand Total: 585 creatures vanquished

Notes
Turn   | Place    | Note
-------+----------+-------------------------------------------
     0 | D:1      | avis the Felid Fighter began the quest for the Orb.
     0 | D:1      | Reached XP level 1. HP: 10/10 MP: 2/2
   319 | D:1      | Reached skill level 1 in Stealth
   911 | D:2      | Reached XP level 2. HP: 14/14 MP: 3/3
  1036 | D:2      | Reached skill level 5 in Dodging
  1229 | D:2      | Reached XP level 3. HP: 14/17 MP: 4/4
  1567 | D:2      | Reached XP level 4. HP: 18/21 MP: 5/5
  1920 | D:3      | Noticed Ijyb
  1938 | D:2      | Killed Ijyb
  1939 | D:2      | Reached skill level 6 in Dodging
  2190 | D:3      | Reached XP level 5. HP: 15/25 MP: 6/6
  2230 | D:3      | Found a faded altar of an unknown god.
  3383 | D:4      | Reached skill level 5 in Fighting
  3602 | D:4      | Found a staircase to the Ecumenical Temple.
  3614 | Temple   | Entered the Ecumenical Temple
  3879 | Temple   | Became a worshipper of the Shining One
  3922 | D:5      | Entered Level 5 of the Dungeon
  4070 | D:4      | Gained mutation: You are covered in thick fur. (AC +2)
                  | [Felid growth]
  4070 | D:4      | Reached XP level 6. HP: 28/30 MP: 7/7
  4116 | D:4      | Reached skill level 7 in Dodging
  4202 | D:5      | Noticed an ice beast
  4218 | D:5      | Killed an ice beast
  4492 | D:5      | Noticed a sky beast
  4516 | D:5      | Reached skill level 8 in Dodging
  4516 | D:5      | Reached skill level 5 in Stealth
  4516 | D:5      | Reached XP level 7. HP: 33/33 MP: 8/8
  4554 | D:5      | Reached skill level 9 in Dodging
  4554 | D:5      | Reached skill level 1 in Shapeshifting
  5128 | D:5      | Reached XP level 8. HP: 24/37 MP: 9/9
  5440 | D:6      | Reached * piety under the Shining One
  5666 | D:5      | Reached skill level 10 in Dodging
  6325 | D:6      | Reached skill level 11 in Dodging
  6667 | D:6      | Found a blossoming altar of Fedhas.
  6819 | D:6      | Found a sparkling altar of Nemelex Xobeh.
  6969 | D:7      | Reached skill level 1 in Invocations
  7171 | D:7      | Found a flagged portal.
  7200 | D:7      | Reached skill level 5 in Shapeshifting
  7234 | D:7      | Reached XP level 9. HP: 18/41 MP: 11/11
  7243 | Bailey   | Entered a bailey
  7679 | Bailey   | Noticed an orc knight
  7716 | Bailey   | Killed an orc knight
  7717 | Bailey   | Reached skill level 12 in Dodging
  8558 | D:8      | Found Fiuzusudgh's Assorted Antiques.
  8601 | D:8      | Found Betwiuce's Magic Scroll Boutique.
  8605 | D:8      | Found Sujaz's Book Emporium.
  8660 | D:8      | Acquired a manual of Fighting
  8754 | D:8      | Noticed Psyche
  8757 | D:8      | Killed Psyche
  8758 | D:8      | Reached skill level 13 in Dodging
  8769 | D:8      | Reached XP level 10. HP: 48/48 MP: 12/12
  8950 | D:8      | Found a glowing silver altar of Zin.
  8950 | D:8      | Found a broken altar of Ashenzari.
  9367 | D:8      | Found a sacrificial altar of Ru.
  9641 | D:8      | Bought an Inescapable Atlas for 224 gold pieces
  9649 | D:8      | Bought 2 scrolls of identify for 64 gold pieces
 10107 | D:9      | Reached ** piety under the Shining One
 10163 | D:9      | Found a bloodstained altar of Trog.
 10174 | D:9      | Found a burning altar of Makhleb.
 10206 | D:9      | Found a staircase to the Orcish Mines.
 10273 | D:9      | Reached skill level 10 in Shapeshifting
 10829 | D:10     | Entered Level 10 of the Dungeon
 11093 | D:10     | Found a staircase to the Lair.
 11255 | D:10     | Noticed a two-headed ogre
 11265 | D:10     | Killed a two-headed ogre
 11266 | D:10     | Reached skill level 10 in Fighting
 11266 | D:10     | Reached skill level 14 in Dodging
 11366 | D:10     | Reached XP level 11. HP: 54/54 MP: 13/13
 11591 | Lair:1   | Entered Level 1 of the Lair of Beasts
 11593 | Lair:1   | Noticed Maggie
 11656 | D:10     | Killed Maggie
 11738 | Lair:1   | Reached skill level 15 in Dodging
 12045 | Lair:1   | Noticed Jeremiah
 12120 | Lair:1   | HP: 2/53 [disintegration (14)]
 12178 | Lair:1   | Killed Jeremiah
 12727 | Lair:2   | Reached *** piety under the Shining One
 12728 | Lair:2   | Noticed a catoblepas
 12738 | Lair:2   | Noticed Harold
 12832 | Lair:2   | Mangled by a cane toad
 12882 | Lair:2   | Noticed a death yak
 12916 | Lair:2   | Noticed a death yak
 12938 | Lair:2   | Noticed a death yak
 12969 | Lair:2   | Killed a death yak
 12970 | Lair:2   | Gained mutation: Your thick and shaggy fur keeps you warm.
                  | (AC +3, rC+) [Felid growth]
 12970 | Lair:2   | Reached XP level 12. HP: 59/59 MP: 15/15
 12980 | Lair:2   | Killed a death yak
 13043 | Lair:2   | Killed a catoblepas
 13064 | Lair:2   | Killed a death yak
 13071 | Lair:2   | Reached skill level 16 in Dodging
 13190 | Lair:1   | Killed Harold
 13305 | Lair:2   | Found a staircase to the Snake Pit.
 13389 | Lair:2   | Noticed Fannar
 13428 | Lair:2   | Killed Fannar
 13787 | Lair:2   | Reached skill level 15 in Shapeshifting
 13820 | Lair:2   | Reached **** piety under the Shining One
 13874 | Lair:2   | Reached XP level 13. HP: 52/64 MP: 17/17
 14507 | Lair:3   | Identified the ring of Departure {rF+ Int+3 SInv}
 14600 | Lair:3   | Acquired the ring of Awe {rElec rF++ rC+ Str+3}
 14627 | Lair:3   | Found a staircase to the Swamp.
 14627 | Lair:3   | Noticed an eleionoma
 14640 | Lair:3   | Killed an eleionoma
 15370 | Lair:3   | Learned a level 2 spell: Blink
 15375 | Lair:3   | Learned a level 4 spell: Manifold Assault
 15674 | Lair:4   | Reached skill level 1 in Spellcasting
 15872 | Lair:4   | Reached skill level 1 in Translocations
 15881 | Lair:4   | HP: 3/66 [death yak (20)]
 15901 | Lair:4   | Reached skill level 17 in Dodging
 16821 | Lair:5   | Entered Level 5 of the Lair of Beasts
 16846 | Lair:5   | Noticed retardedninja's ghost (journeyman GrFE)
 16846 | Lair:5   | Found a runed translucent door.
 16860 | Lair:5   | Found a staircase to the Slime Pits.
 16935 | Lair:5   | Found a gate leading to a gauntlet.
 16944 | Gauntlet | Entered a Gauntlet
 16944 | Gauntlet | Found a transporter.
 16944 | Gauntlet | Found a transporter.
 16944 | Gauntlet | Found a transporter.
 16965 | Gauntlet | Found a transporter.
 16973 | Gauntlet | Reached ***** piety under the Shining One
 16979 | Gauntlet | Found a transporter.
 17018 | Gauntlet | Found a transporter.
 17025 | Gauntlet | Found a transporter.
 17031 | Gauntlet | Found a transporter.
 17037 | Gauntlet | Found a transporter.
 17043 | Gauntlet | Found a transporter.
 17073 | Gauntlet | Found a transporter.
 17090 | Gauntlet | Found a transporter.
 17379 | Gauntlet | Slain by an entropy weaver
 17486 | Gauntlet | Identified the +0 cloak "Avae" {rElec rF+++ Str-5 Int-5}
 17556 | Gauntlet | Identified the ring of Xompippu {rCorr Int+4}
 17567 | Gauntlet | Noticed a minotaur
 17576 | Gauntlet | Killed a minotaur
 17591 | Gauntlet | Identified the +0 dagger "Mud Pie of Death" {spect, rElec
                  | rCorr Str+2}
 17658 | Lair:5   | Reached skill level 15 in Fighting
 17754 | Lair:5   | Identified the +4 great sword of Ru's Hope {drain, rC+
                  | Str-4 Int+3}
 17781 | Lair:5   | Reached XP level 14. HP: 73/73 MP: 18/18
 17808 | Lair:5   | Reached skill level 18 in Dodging
 18311 | Lair:5   | Reached skill level 5 in Invocations
 18547 | Lair:5   | Reached skill level 19 in Dodging
 18647 | Lair:5   | Identified the staff "Okegox" {rF+ rN+ Necro}
 18993 | Lair:5   | Killed retardedninja's ghost
 19346 | Lair:1   | Acquired the ring of Nobility {Fly rC++}
 19400 | Orc:1    | Entered Level 1 of the Orcish Mines
 19418 | Orc:1    | Found Eteebif's Distillery.
 19502 | Orc:2    | Entered Level 2 of the Orcish Mines
 19502 | Orc:2    | Found a staircase to the Elven Halls.
 19611 | Orc:1    | Reached skill level 20 in Dodging
 19747 | Orc:2    | Noticed an orc warlord
 19829 | Orc:2    | Mangled by an orc warlord
 19867 | Orc:2    | Killed an orc warlord
 20141 | Orc:1    | You fall into a shaft and drop 1 floor!
 20241 | Orc:1    | Found Oliduofel's General Store.
 20309 | Orc:1    | Noticed Nergalle
 20321 | Orc:1    | Killed Nergalle
 20368 | Orc:1    | Found a runed translucent gate.
 20443 | Orc:1    | Found a runed translucent gate.
 20444 | Orc:1    | Found a runed translucent gate.
 20446 | Orc:1    | Noticed snackwell's ghost (journeyman FoHu)
 20613 | Orc:1    | Noticed Jorgrun
 20622 | Orc:1    | Constricted to death by Jorgrun
 20693 | Orc:1    | Constricted to death by Jorgrun

Illustrated notes

Levels and vault maps discovered:
D:1:      dpeg_arrival_round_b, layout_basic
D:2:      layout_basic, nicolae_houndstooth_variations
D:3:      layout_basic, hellmonk_ecumenical_altar_lost_god, uniq_ijyb
D:4:      layout_gridville, minmay_temple_entry_glass
D:5:      layout_basic
D:6:      layout_rooms, nemelex_diamond_rough_becter, fedhas_altar_fruit_tree
D:7:      layout_gridville, enter_bailey_5
D:8:      layout_basic, chequers_temple_overflow_statue_of_worship,
          nicolae_ru_path_of_blood, serial_shops, nicolae_shop_gibbet_a_chance,
          nicolae_shop_just_a_little_nook, shop, uniq_psyche
D:9:      layout_rooms, bloody_makhleb, mainiacjoe_overflow_boulevard,
          orc_0_dummy
D:10:     layout_roguey, dpeg_oklobed_lair
Temple:   nicolae_temple_bog_church
Lair:1:   layout_gridlike, beast_lair_carwin_8, uniq_jeremiah, uniq_maggie
Lair:2:   regret_index_wax_grids, layout_chaotic_city,
          minmay_snake_entry_six_corridors, uniq_fannar, uniq_harold
Lair:3:   layout_big_grid, alex1729_swamp_entry_worm_eleionoma
Lair:4:   layout_hall_layers, bobbens_ice_dragon_lair
Lair:5:   minmay_lair_end_enchanted_forest, layout_regular_city,
          nicolae_slime_entry_slimehenge, gammafunk_ghost_grave,
          gauntlet_entry_generic
Orc:1:    layout_caves, serial_shops, nicolae_shop_pleasant_corner_grove, shop,
          ebering_ghost_rock_garden, uniq_jorgrun, uniq_nergalle
Orc:2:    st_orc_congregation, layout_caves, uniq_urug

Skill      XL: |  1  2  3  4  5  6  7  8  9 10 11 12 13 14 |
---------------+-------------------------------------------+-----
Stealth        | 1 2 3 5 |  5.0
Dodging        | 5 6 8 9 11 13 14 15 16 17 20 | 20.0
Fighting       | 4 5 6 8 10 12 15 16 | 16.0
Shapeshifting  | 3 5 7 10 13 15 16 | 16.3
Invocations    | 1 2 3 4 5 |  5.0
Spellcasting   | 1 2 |  2.0
Translocations | 2 4 |  4.0
Unarmed Combat | |  4.0

Action                     |  1- 3 |  4- 6 |  7- 9 | 10-12 | 13-15 || total
---------------------------+-------+-------+-------+-------+-------++-------
  Melee: Unarmed           |    72 |   208 |   439 |   785 |   993 ||  2497
         Bite              |     4 |    23 |    75 |   149 |   216 ||   467
         Punch             |     1 |    12 |     5 |    37 |    53 ||   108
         Maw               |       |       |       |   391 |   541 ||   932
 Invoke: Divine Shield     |       |       |       |       |     3 ||     3
         Summon Divine War |       |       |       |       |     1 ||     1
         Cleansing Flame   |       |       |       |       |     1 ||     1
  Evoke: Wand              |       |     4 |     8 |    16 |     9 ||    37
    Use: Potion            |     1 |       |     5 |     7 |     7 ||    20
         Scroll            |       |     8 |     3 |     8 |     4 ||    23
   Stab: Sleeping          |     5 |     3 |       |       |       ||     8
 Armour: Skin              |    22 |    49 |   113 |   198 |   343 ||   725
  Dodge: Dodged            |    45 |   170 |   452 |  1141 |  1460 ||  3268
  Block: Other             |       |       |       |       |    12 ||    12
   Form: Flux              |       |       |     1 |       |       ||     1
         Maw               |       |       |       |     2 |       ||     2
         Anaconda          |       |       |       |     1 |       ||     1

Table legend: (Time is in decaauts)
 A = Elapsed time spent in this place.
 B = Non-inter-level travel time spent in this place.
 C = Inter-level travel time spent in this place.
 D = Time resting spent in this place.
 E = Time spent auto-exploring this place.
 F = Levels seen in this place.
 G = Mean time per level.
                   A        B        C        D        E       F      G
               +--------+--------+--------+--------+--------+-----+--------+
         Total |  17823 |  15804 |   2019 |   3106 |   6267 |  20 |  891.2 |
       Dungeon |  10000 |   8543 |   1457 |   2091 |   3917 |  10 | 1000.0 |
        Temple |     62 |     37 |     25 |      0 |      0 |   1 |   62.0 |
          Lair |   5575 |   5084 |    491 |    543 |   1957 |   5 | 1115.0 |
  Orcish Mines |   1116 |   1071 |     45 |    139 |    392 |   2 |  558.0 |
        Bailey |    473 |    473 |      0 |    251 |      0 |   1 |  473.0 |
      Gauntlet |    594 |    594 |      0 |     82 |      0 |   1 |  594.0 |
               +--------+--------+--------+--------+--------+-----+--------+

Top non-repeatable levels by time:
     D:5: 1824 daAuts
     D:8: 1413 daAuts
  Lair:2: 1226 daAuts
  Lair:5: 1196 daAuts
  Lair:1: 1176 daAuts
  Lair:3: 1123 daAuts
     D:3: 1036 daAuts
     D:7: 927 daAuts
     D:2: 913 daAuts
  Lair:4: 852 daAuts
     D:1: 814 daAuts
     D:9: 798 daAuts
     D:4: 796 daAuts
   Orc:1: 782 daAuts
     D:6: 759 daAuts
